 Dungeon Crawl Stone Soup version 0.23.2-1-ga50397a6bc (webtiles) character file.

Game seed: 5276662817105432988

2737329 spacedv the Cryomancer (level 27, 222/222 HPs)
             Began as a Barachi Skald on Apr 24, 2019.
             Was the Champion of Vehumet.
             Escaped with the Orb
             ... and 5 runes on Apr 29, 2019!
             The game lasted 1 day 03:24:21 (94664 turns).

spacedv the Cryomancer (Barachi Skald)         Turns: 94664, Time: 1 , 03:24:21

Health: 222/222    AC: 27    Str: 15    XL:     27
Magic:  34/45      EV: 24    Int: 44    God:    Vehumet [******]
Gold:   865        SH: 23    Dex: 17    Spells: 1/63 levels left

rFire    + + +     SeeInvis +   D - +9 double sword (holy)
rCold    + . .     Gourm    +   Y - +5 shield of Charity {rC++ Str-3 SInv}
rNeg     . . .     Faith    .   O - +3 acid dragon scales of Fafumn {*Drain rF++ rCorr Int+4}
rPois    .         Spirit   .   z - +2 hat
rElec    +         Reflect  .   Z - +2 cloak {MR+}
rCorr    +         Harm     .   v - +2 pair of gloves {Dex+3}
MR       +++++                  E - +2 pair of boots of Leaves {rElec Int+4}
Stlth    ++........             n - amulet of Husaon {Gourm +Fly rC- Int+9 Dex-2}
HPRegen  1.47/turn              u - ring of Kiqiawne {*Contam MR+ Str+4 Dex+3 SInv}
MPRegen  0.29/turn              L - ring "Matos" {rF+ MR+ Int+3}

@: regenerating (expiring), slow
A: +LOS, swims, horns 2, large bone plates 1, mutation resistance 1, slowness 1,
strong legs 2
0: Orb of Zot
}: 5/15 runes: barnacled, slimy, silver, abyssal, gossamer
a: Hop, Renounce Religion, Evoke Flight


You escaped.
You worshipped Vehumet.
Vehumet was exalted by your worship.
You were not hungry.

You visited 13 branches of the dungeon, and saw 58 of its levels.
You visited the Abyss 3 times.
You also visited: Trove and Ice Cave.

You collected 8195 gold pieces.
You spent 7330 gold pieces at shops.

Inventory:

Hand Weapons
 D - a +9 double sword of holy wrath (weapon)
 U - a +9 demon blade of draining
 W - the +7 lajatang of Order {silver, rMut}
   (You took it off a deep elf high priest on level 3 of the Elven Halls)

   It protects you from mutation.
Missiles
 a - 15 silver javelins (quivered)
Armour
 v - a +2 pair of gloves of dexterity (worn)
 z - a +2 hat (worn)
 E - the +2 pair of boots of Leaves (worn) {rElec Int+4}
   (You acquired it on level 1 of the Lair of Beasts)

   It affects your intelligence (+4).
   It insulates you from electricity.
 O - the +3 acid dragon scales of Fafumn (worn) {*Drain rF++ rCorr Int+4}
   (You took it off Frederick on level 4 of the Vaults)

   It affects your intelligence (+4).
   It greatly protects you from fire.
   It provides partial protection from all sources of acid and corrosion.
   It causes draining when unequipped.
 Y - the +5 shield of Charity (worn) {rC++ Str-3 SInv}
   (You acquired it on level 1 of the Lair of Beasts)

   It affects your strength (-3).
   It greatly protects you from cold.
   It lets you see invisible.
 Z - a +2 cloak of magic resistance (worn)
Magical Staves
 x - an uncursed staff of cold
Jewellery
 h - a +4 ring of protection
 n - the amulet of Husaon (around neck) {Gourm +Fly rC- Int+9 Dex-2}
   (You found it on level 10 of the Dungeon)

   [amulet of the gourmand]

   It allows you to eat raw meat even when not hungry.
   It affects your intelligence (+9).
   It affects your dexterity (-2).
   It makes you vulnerable to cold.
   It lets you fly.
 u - the ring of Kiqiawne (left hand) {*Contam MR+ Str+4 Dex+3 SInv}
   (You found it on level 12 of the Dungeon)

   [ring of strength]

   It affects your strength (+4).
   It affects your dexterity (+3).
   It affects your resistance to hostile enchantments.
   It lets you see invisible.
   It causes magical contamination when unequipped.
 L - the ring "Matos" (right hand) {rF+ MR+ Int+3}
   (You acquired it on level 1 of the Lair of Beasts)

   [ring of intelligence]

   It affects your intelligence (+3).
   It protects you from fire.
   It affects your resistance to hostile enchantments.
 Q - the ring of the Trilobite {rC+ Int+2 Dex+3}
   (You acquired it on level 1 of the Abyss)

   [ring of protection from cold]

   It affects your intelligence (+2).
   It affects your dexterity (+3).
   It protects you from cold.
Wands
 p - a wand of acid (19)
 s - a wand of iceblast (13)
 I - a wand of clouds (5)
 J - a wand of scattershot (6)
 P - a wand of disintegration (79)
Scrolls
 b - 9 scrolls of immolation
 g - 21 scrolls of teleportation
 m - a scroll of amnesia
 o - 6 scrolls of magic mapping
 t - a scroll of holy word
 A - 6 scrolls of vulnerability
 H - 4 scrolls of summoning
 N - 5 scrolls of blinking
 S - 7 scrolls of identify
Potions
 c - 3 potions of cancellation
 e - 5 potions of haste
 f - 14 potions of curing
 j - a potion of invisibility
 k - 3 potions of heal wounds
 l - 4 potions of resistance
 q - 8 potions of brilliance
 w - 10 potions of might
 F - 4 potions of berserk rage
 G - 7 potions of magic
 M - 3 potions of agility
 X - 8 potions of mutation
Miscellaneous
 i - a lamp of fire
 r - 4 boxes of beasts
 y - 2 phantom mirrors
 B - 7 sacks of spiders
 C - a lightning rod (4/4)
 K - the horn of Geryon
 R - a fan of gales
 T - a phial of floods
 V - a crystal ball of energy
Comestibles
 d - 68 rations


   Skills:
 - Level 19.5 Fighting
 - Level 19.0 Long Blades
 - Level 13.0 Throwing
 - Level 18.0 Armour
 - Level 17.3 Dodging
 - Level 10.2 Stealth
 - Level 15.0 Shields
 + Level 18.8 Spellcasting
 - Level 20.3 Conjurations
 - Level 9.3 Hexes
 - Level 15.3 Charms
 - Level 18.0 Summonings
 - Level 3.1 Translocations
 - Level 23.0 Ice Magic
 - Level 5.3 Air Magic
 - Level 20.5 Evocations


You had one spell level left.
You knew the following spells:

 Your Spells              Type           Power        Failure   Level  Hunger
a - Aura of Abjuration    Summ           ########..   0%          5    None
b - Shroud of Golubria    Chrm/Tloc      #######...   1%          2    None
c - Orb of Destruction    Conj           ########..   1%          7    None
d - Spectral Weapon       Hex/Chrm       ########     0%          3    None
e - Deflect Missiles      Chrm/Air       #######...   1%          6    None
f - Regeneration          Chrm/Necr      #######...   1%          3    None
g - Summon Greater Demon  Summ           ########..   1%          7    None
h - Glaciate              Conj/Ice       ########..   2%          9    ####...
i - Silence               Hex/Air        #######...   1%          5    None
j - Metabolic Englaciati  Hex/Ice        ########..   1%          5    None
k - Blink                 Tloc           N/A          1%          2    None
l - Ozocubu's Refrigerat  Ice            ########..   0%          6    None
m - Swiftness             Chrm/Air       #######.     0%          2    None

Your spell library contained the following spells:

 Spells                   Type           Power        Failure   Level  Hunger
 Bolt of Fire             Conj/Fire      #######...   1%          6    None
 Confusing Touch          Hex            ######       0%          1    None
 Corona                   Hex            #######      0%          1    None
 Flame Tongue             Conj/Fire      #####        0%          1    None
 Freeze                   Ice            ####         0%          1    None
 Infusion                 Chrm           ####         0%          1    None
 Magic Dart               Conj           ####         0%          1    None
 Sting                    Conj/Pois      ####         0%          1    None
 Summon Butterflies       Summ           ########     0%          1    None
 Summon Small Mammal      Summ           ####         0%          1    None
 Animate Skeleton         Necr           N/A          1%          1    None
 Apportation              Tloc           ######       1%          1    None
 Pain                     Necr           ####         1%          1    None
 Sandblast                Erth           #####.       1%          1    None
 Call Imp                 Summ           ########     0%          2    None
 Ensorcelled Hibernation  Hex/Ice        ######       0%          2    None
 Searing Ray              Conj           ######       0%          2    None
 Song of Slaying          Chrm           ########     0%          2    None
 Throw Flame              Conj/Fire      ######       0%          2    None
 Throw Frost              Conj/Ice       ######       0%          2    None
 Call Canine Familiar     Summ           ########     0%          3    None
 Dazzling Spray           Conj/Hex       ######       0%          3    None
 Ozocubu's Armour         Chrm/Ice       ########     0%          3    None
 Static Discharge         Conj/Air       ########     0%          3    None
 Summon Guardian Golem    Hex/Summ       ########     0%          3    None
 Fulminant Prism          Conj/Hex       ########..   0%          4    None
 Iskenderun's Mystic Bla  Conj           ########     0%          4    None
 Summon Ice Beast         Ice/Summ       ########     0%          4    None
 Throw Icicle             Conj/Ice       ########     0%          4    None
 Iskenderun's Battlesphe  Conj/Chrm      ########     0%          5    None
 Summon Demon             Summ           ########..   0%          5    None
 Bolt of Cold             Conj/Ice       ########..   0%          6    None
 Passwall                 Tmut/Erth      #####...     1%          2    None
 Poisonous Vapours        Pois/Air       ######       1%          2    None
 Slow                     Hex            #######.     1%          2    None
 Sticks to Snakes         Tmut           #####...     1%          2    None
 Sublimation of Blood     Necr           #####.....   1%          2    None
 Confuse                  Hex            #######.     1%          3    None
 Conjure Flame            Conj/Fire      #######.     1%          3    None
 Gell's Gravitas          Tloc           ######....   1%          3    None
 Ignite Poison            Fire/Tmut/Pois #####...     1%          3    None
 Lesser Beckoning         Tloc           ######....   1%          3    None
 Mephitic Cloud           Conj/Pois/Air  #######.     1%          3    None
 Portal Projectile        Hex/Tloc       ######       1%          3    None
 Recall                   Summ/Tloc      N/A          1%          3    None
 Spider Form              Tmut/Pois      #####.....   1%          3    None
 Stone Arrow              Conj/Erth      ######       1%          3    None
 Teleport Other           Tloc           ######..     1%          3    None
 Tukima's Dance           Hex            #######.     1%          3    None
 Vampiric Draining        Necr           #####.....   1%          3    None
 Airstrike                Air            ######....   1%          4    None
 Cause Fear               Hex            #######...   1%          4    None
 Force Lance              Conj/Tloc      #######.     1%          4    None
 Ice Form                 Ice/Tmut       #######.     1%          4    None
 Leda's Liquefaction      Hex/Erth       ######....   1%          4    None
 Sticky Flame             Conj/Fire      #######.     1%          4    None
 Summon Lightning Spire   Summ/Air       #######.     1%          4    None
 Bolt of Draining         Conj/Necr      #######...   1%          5    None
 Bolt of Magma            Conj/Fire/Erth #######...   1%          5    None
 Excruciating Wounds      Chrm/Necr      #######...   1%          5    None
 Fireball                 Conj/Fire      #######...   1%          5    None
 Irradiate                Conj/Tmut      #######...   1%          5    None
 Lightning Bolt           Conj/Air       ########..   1%          5    None
 Summon Forest            Summ/Tloc      #######...   1%          5    None
 Summon Mana Viper        Hex/Summ       ########     1%          5    None
 Yara's Violent Unravell  Hex/Tmut       ######....   1%          5    None
 Conjure Ball Lightning   Conj/Air       ########..   1%          6    None
 Freezing Cloud           Conj/Ice/Air   ########..   1%          6    None
 Iron Shot                Conj/Erth      #######...   1%          6    None
 Poison Arrow             Conj/Pois      #######...   1%          6    None
 Shadow Creatures         Summ           N/A          1%          6    None
 Simulacrum               Ice/Necr       #######...   1%          6    None
 Monstrous Menagerie      Summ           ########..   1%          7    None
 Spellforged Servitor     Conj/Summ      ########..   1%          7    None
 Darkness                 Hex            #######...   2%          6    None
 Invisibility             Hex            #######.     2%          6    None
 Summon Horrible Things   Summ           ########..   2%          8    ##.....
 Lee's Rapid Deconstruct  Erth           #####.....   5%          5    None
 Chain Lightning          Conj/Air       ########..   6%          8    ##.....
 Animate Dead             Necr           N/A          7%          4    None
 Petrify                  Tmut/Erth      #####...     7%          4    None
 Malign Gateway           Summ/Tloc      #######...   8%          7    None
 Lehudib's Crystal Spear  Conj/Erth      #######...   17%         8    ##.....
 Agony                    Necr           #####...     19%         5    None
 Alistair's Intoxication  Tmut/Pois      #####...     19%         5    None
 Borgnjor's Vile Clutch   Necr/Erth      #####.....   19%         5    None
 Dispel Undead            Necr           #####...     19%         5    None
 Ring of Flames           Chrm/Fire      #######...   24%         7    None
 Dispersal                Tloc           ######....   28%         6    None
 Dragon's Call            Summ           ########..   38%         9    ####...
 Discord                  Hex            #######...   67%         8    ##.....
 Death Channel            Necr           #####.....   71%         6    None
 Statue Form              Tmut/Erth      #####....    71%         6    None
 Fire Storm               Conj/Fire      #######...   92%         9    ####...
 Dragon Form              Tmut           #####.....   99%         7    None
 Disjunction              Tloc           ######....   100%        8    ##.....
 Ignition                 Fire           #####.....   100%        8    ##.....
 Necromutation            Tmut/Necr      #####.....   100%        8    ##.....
 Shatter                  Erth           #####.....   100%        9    ####...
 Tornado                  Air            ######....   100%        9    ####...
 Passage of Golubria      Tloc           Unusable     N/A         4    N/A

Dungeon Overview and Level Annotations

Branches:
Dungeon (15/15)            Temple (1/1) D:6            Lair (6/6) D:10
 Shoals (4/4) Lair:3       Spider (4/4) Lair:2        Slime (5/5) Lair:5
    Orc (2/2) D:9             Elf (3/3) Orc:2        Vaults (5/5) D:14
  Crypt (2/3) Vaults:3     Depths (5/5) D:15           Hell (1/1)
    Dis (0/7) Hell            Geh (0/7) Hell            Coc (0/7) Hell
    Tar (0/7) Hell            Zot (5/5) Depths:5

Altars:
Ashenzari
Cheibriados
Fedhas
Gozag
Hepliaklqana
Kikubaaqudgha
Nemelex Xobeh
Okawaru
Qazlal
Ru
Sif Muna
Trog
Uskayaw
Vehumet
Wu Jian
Xom
Yredelemnul
Zin
The Shining One
Beogh
Lugonu

Shops:
D:9 =   D:14 (   D:15 *   Orc:2 :([*   Elf:1 ?}=}   Elf:3 ?*}   Vaults:2 *[((
Vaults:5 ???!%!!?   Depths:1 [(   Depths:3 [*[(

Portals:
Hell: Depths:1 Depths:2 Depths:3 Depths:4 Depths:5
Abyss: Depths:2 Depths:3 Depths:4
Pandemonium: Depths:2 Depths:3
Ziggurat: Depths:2

Annotations:
Shoals:4 1 runed translucent door, zodiitti's ghost, adept GrBe
Crypt:2 2 runed doors, Khufu


Innate Abilities, Weirdness & Mutations

Shadows flee at your approach. (+LOS)
You can swim through water.
You cover ground slowly.
You can hop long distances.
You have a pair of horns on your head.
You are partially covered in large bone plates. (SH +4)
You are somewhat resistant to further mutation.


Message History

Aim: a green death The orb of destruction hits the green death!!!
The green death is severely wounded.
The green death gestures at you. The bolt of poison misses you.
Casting: Orb of Destruction (safe; 1% risk of failure)
Confirm with . or Enter, or press ? or * to list all spells.
Aiming: Orb of Destruction (safe; 1% risk of failure)
Press: ? - help, Shift-Dir - straight line, f/p - green death
Aim: a green death (severely wounded)
The orb of destruction hits the green death!!!!
You blow up the green death!
Vehumet accepts your kill.
Casting: Orb of Destruction (safe; 1% risk of failure)
Confirm with . or Enter, or press ? or * to list all spells.
Your skin crawls.
You start resting.
Your skin is crawling a little less now.
A reaper comes into view. It is wielding a +0 scythe of slicing.
You have escaped!

.#...##.#######..#####..#.#
....#.....##..P☼P....#..#.##
....#.#....P..♣♣♣....♣...[.#
......####P............###.#
....#####.♣.....P...♣...##.#
........#.....P...P...♣.##.#
#.#.###.#..♣..........♣.##.#
....# #.#♣...P.....P.♣♣.##.#
#.#.###.#.P.....@.....P.##.#
..#.....#.PP.P.....P....##.#
....#####.............♣.##.######
....#####♣....P...P...2.........#
........#♣P♣.P..P........######.#
...>....##.....♣..P....### #.#
..##....###.....P.♣.♣.## #.#
.[####### ##.P...♣...#.# #.#
..######## ####.######+##### #.#


You could see a reaper.

Vanquished Creatures
  the Royal Jelly (Slime:5)
  5 ancient liches
  6 orbs of fire (Zot:5)
  3 juggernauts
  Mennas (Vaults:4)
  2 pandemonium lords
  Boris (twice) (Vaults:2 Depths:3)
  2 Killer Klowns (Zot:5)
  The ghost of Qemy the Entrepreneur, a master GnTm of Gozag (Crypt:1)
  Frederick (Vaults:4)
  Xtahua (Vaults:2)
  Margery (D:15)
  Saint Roka (Vaults:5)
  2 caustic shrikes
  A curse toe (Zot:1)
  Geryon (Hell)
  13 golden dragons
  Nikola (Shoals:1)
  Jory (Vaults:4)
  3 bone dragons
  14 tentacled monstrosities
  A Brimstone Fiend (D:4)
  6 liches
  An Ice Fiend (Depths:2)
  4 electric golems
  A Hell Sentinel (D:3)
  4 titans
  Rupert (Vaults:2)
  28 Orb Guardians
  Asterion (Vaults:2)
  21 acid blobs
  5 deep elf blademasters
  5 death cobs
  4 deep elf master archers (Elf:3)
  An Executioner (Abyss:1)
  Frances (Shoals:2)
  2 krakens
  11 tentacled starspawn
  6 sphinxes
  13 storm dragons
  Roxanne (Shoals:4)
  13 shadow dragons
  3 ancient champions
  Ilsuiw (Shoals:2)
  8 draconian monks
  5 tengu reavers
  2 revenants
  3 nagarajas (Depths:1)
  18 azure jellies
  15 draconian scorchers
  7 fire giants
  9 frost giants
  5 draconian knights
  5 deep elf sorcerers
  An iron dragon (Vaults:5)
  12 ghost moths
  An orc warlord (Orc:2)
  The ghost of chimenez the Severer, an adept GrFi of Okawaru (Shoals:2)
  A cacodemon (Abyss:3)
  5 emperor scorpions
  Aizul (Vaults:3)
  17 vault wardens
  13 ironheart preservers
  2 balrugs
  9 deep elf elementalists
  2 ghouls (Vaults:3)
  A curse skull (Crypt:1)
  A caustic shrike zombie (Depths:2)
  4 draconian shifters
  6 draconian stormcallers
  22 stone giants
  11 draconian annihilators
  4 reapers
  34 very ugly things
  5 spriggan defenders
  Nessos (D:13)
  3 war gargoyles
  6 entropy weavers
  7 deep elf demonologists
  17 green draconians
  A dire elephant (D:15)
  7 vampire knights
  10 deep elf annihilators
  8 black draconians
  Azrael (D:14)
  17 red draconians
  6 spark wasps
  17 yellow draconians
  3 lorocyprocas
  10 purple draconians
  2 eidola
  22 white draconians
  8 deep elf death magi
  8 merfolk javelineers
  15 ettins
  2 green deaths
  A blizzard demon (Abyss:1)
  7 fire dragons
  11 death oozes
  4 merfolk impalers
  8 deep elf high priests
  6 jiangshi
  12 great orbs of eyes
  13 yaktaur captains
  11 rakshasas
  3 spriggan air magi
  14 ice dragons
  5 naga warriors
  37 vault guards
  4 death knights
  8 hydras
  4 anacondas (Depths:1)
  5 merfolk avatars
  A shambling mangrove (Abyss:3)
  An alligator snapping turtle (Shoals:2)
  7 ogre magi
  9 deep troll shamans
  7 merfolk aquamancers
  12 centaur warriors
  2 catoblepae
  Erica (Orc:1)
  24 dancing weapons
  3 satyrs
  A titan zombie (Crypt:1)
  A queen ant (Spider:4)
  8 tengu warriors
  33 two-headed ogres
  5 vampire magi
  6 deep troll earth magi
  A death yak (Lair:6)
  6 hell hogs
  An orc high priest (Orc:2)
  4 spriggan berserkers
  17 deep elf knights
  12 thrashing horrors
  2 iron golems (Hell)
  Urug (Lair:4)
  12 sun demons
  11 wretched stars
  6 iron trolls
  3 shadow wraiths
  17 hell knights
  18 sea snakes
  3 sixfirhies
  4 soul eaters
  22 skeletal warriors
  5 unseen horrors
  6 flayed ghosts
  A spark wasp zombie (Crypt:1)
  7 spatial maelstroms
  An unseen horror (shapeshifter) (Vaults:5)
  A quicksilver dragon simulacrum (Depths:2)
  A shadow demon (Abyss:1)
  21 deep trolls
  2 kraken simulacra (Hell)
  13 deep elf archers
  23 ironbrand convokers
  An obsidian statue (Zot:5)
  2 lindwurms (Depths:1)
  9 phantasmal warriors
  A harpy (shapeshifter) (Elf:2)
  11 necromancers
  8 wizards
  4 glowing orange brains
  44 starcursed masses
  18 harpies
  21 orc knights
  2 golden dragon skeletons
  2 anaconda skeletons
  58 deep elf magi
  A wolf spider zombie (D:14)
  32 wolf spiders
  4 oklob plants (Lair:6)
  14 cyclopes
  2 tengu skeletons
  13 shining eyes
  10 fauns
  5 orc sorcerers
  19 orb spiders
  A fire giant zombie (Depths:2)
  A mana viper (shapeshifter) (Depths:2)
  47 ugly things
  19 manticores
  A frost giant zombie (Vaults:3)
  9 worldbinders
  A frost giant skeleton (Crypt:1)
  23 moths of wrath
  A salamander (Depths:5)
  9 rust devils
  An elf zombie (Depths:2)
  A stone giant skeleton (Abyss:3)
  20 vault sentinels
  A naga mage (Depths:1)
  4 apocalypse crabs
  A molten gargoyle (Hell)
  8 guardian serpents
  5 ice statues
  7 orange demons
  13 merfolk sirens
  10 water nymphs
  6 eyes of devastation
  13 smoke demons
  5 torpor snails
  7 black mambas
  3 centaur skeletons
  A human zombie (Vaults:3)
  3 gargoyles
  3 hellions
  6 efreet
  15 spiny frogs
  A catoblepas zombie (Crypt:1)
  29 yaktaurs
  2 minotaur zombies (Crypt:1)
  A rime drake (shapeshifter) (Vaults:2)
  A yellow draconian zombie (Crypt:2)
  7 komodo dragons
  13 freezing wraiths
  A tormentor (Abyss:3)
  A yaktaur zombie (Vaults:3)
  A kobold demonologist (D:15)
  7 tengu conjurers
  11 demonic crawlers
  2 hydra zombies (Hell)
  A hellwing (Abyss:3)
  9 ice devils (Hell)
  13 ancient zymes
  A merfolk (shapeshifter) (Depths:2)
  7 red devils
  26 jumping spiders
  A polar bear (shapeshifter) (Vaults:4)
  10 trolls
  A silent spectre (Abyss:4)
  17 hornets
  2 hornets (shapeshifter)
  An alligator zombie (Hell)
  2 jumping spiders (shapeshifter)
  35 merfolk
  5 wind drakes
  9 polar bears (Lair:6)
  A blink frog (shapeshifter) (Elf:2)
  138 slime creatures
  12 snapping turtles
  39 raiju
  37 blink frogs
  3 dream sheep
  11 hippogriffs
  A spriggan zombie (Depths:2)
  2 raiju (shapeshifter) (Vaults:5)
  A tarantella zombie (Crypt:1)
  An ettin zombie (Crypt:1)
  2 iron dragon simulacra
  20 water elementals
  2 ice dragon skeletons
  4 shadows
  A spriggan (shapeshifter) (Vaults:4)
  An ettin skeleton (Crypt:1)
  10 flying skulls (Crypt:1)
  49 redbacks
  4 vampires
  21 tarantellas
  7 wraiths
  46 yaks
  6 air elementals
  34 large abominations
  4 wyverns
  2 spriggans (Depths:5)
  8 ynoxinuls
  An alligator skeleton (Hell)
  Eustachio (D:5)
  4 chaos spawn
  19 golden eyes
  12 fire elementals
  6 hungry ghosts
  8 neqoxecs
  4 vampire mosquitoes (D:13)
  6 basilisks
  A fire bat (Abyss:3)
  A steam dragon (D:11)
  A human (shapeshifter) (Depths:1)
  A golden eye (shapeshifter) (Depths:2)
  13 wargs
  21 nagas
  2 spatial vortices
  22 soldier ants
  An orb spider zombie (Crypt:2)
  11 porcupines
  29 small abominations
  2 floating eyes (shapeshifter) (Vaults:5)
  3 acid dragons
  2 floating eyes (Slime:1)
  2 spiny frog zombies
  15 water moccasins
  19 hell hounds
  5 sky beasts
  10 eyes of draining
  11 ice beasts
  3 phantoms
  49 orc warriors
  A spiny frog skeleton (Hell)
  19 black bears
  An elephant zombie (Crypt:1)
  A lindwurm zombie (Crypt:2)
  A hornet zombie (D:11)
  11 boggarts
  A human skeleton (Vaults:3)
  A necrophage (D:11)
  A wolf (shapeshifter) (Depths:2)
  26 wolves
  A centaur (shapeshifter) (Vaults:5)
  20 ogres
  12 centaurs
  15 crocodiles
  Blork the orc (D:6)
  5 big kobolds
  3 hippogriff zombies (Shoals:4)
  A bullfrog (shapeshifter) (Vaults:1)
  A gnoll sergeant (D:5)
  2 wyvern zombies
  20 bullfrogs
  3 earth elementals
  An ogre simulacrum (Vaults:1)
  A water moccasin zombie (D:9)
  10 scorpions
  An elf simulacrum (Vaults:3)
  3 human simulacra
  14 killer bees
  2 electric eels
  11 wights
  5 howler monkeys
  A bullfrog zombie (D:5)
  4 centaur zombies
  12 crimson imps
  4 quasits
  2 hounds
  3 jellies
  37 orc wizards
  24 orc priests
  6 iguanas
  4 iron imps
  An iguana (shapeshifter) (Depths:3)
  27 worker ants
  6 hell rats (Hell)
  A killer bee zombie (D:9)
  4 hound skeletons
  A mummy (Crypt:2)
  2 howler monkey zombies (D:7)
  2 worker ant zombies (D:10)
  3 gnolls
  3 howler monkey skeletons
  14 adders
  2 shadow imps
  12 white imps
  6 ufetubi
  2 oozes
  An adder skeleton (D:5)
  2 adder zombies (D:6)
  6 worms
  A dart slug (D:5)
  3 leopard geckos
  117 orcs
  A bat zombie (Shoals:4)
  5 giant cockroaches
  6 goblins
  6 hobgoblins
  A jackal (D:10)
  33 kobolds
  4 quokkas
  5 ball pythons
  6 bats
  6 frilled lizards
  2 quokka skeletons
  A quokka zombie (D:5)
  9 rats
  9 crawling corpses (Vaults:5)
  2 lurking horrors
  A plant (Shoals:2)
  6 spectral weapons
  5 starspawn tentacles (Abyss:3)
  9 tentacles
3213 creatures vanquished.

Vanquished Creatures (collateral kills)
  A Killer Klown (Zot:5)
  A golden dragon (Zot:5)
  3 acid blobs
  A draconian monk (Zot:5)
  An azure jelly (Slime:3)
  A draconian annihilator (Zot:5)
  A vampire knight (Depths:3)
  A yellow draconian (Zot:5)
  A manticore (Shoals:2)
  2 merfolk sirens
  A merfolk (Shoals:4)
  9 slime creatures
  A snapping turtle (Shoals:2)
  2 fire elementals (D:14)
  An orc warrior (Orc:1)
  2 orc priests (Orc:1)
  3 white imps (Orc:1)
  2 orcs (Orc:1)
34 creatures vanquished.

Vanquished Creatures (others)
  2 liches
  3 draconian knights
  An ironheart preserver (Vaults:2)
  A vampire knight (Depths:1)
  A merfolk javelineer (Shoals:4)
  A deep elf death mage (Elf:1)
  An ogre mage (Depths:1)
  A merfolk aquamancer (Shoals:3)
  A deep elf knight (Elf:2)
  A quicksilver dragon simulacrum (Hell)
  An anaconda skeleton (Abyss:3)
  A wolf spider (Spider:2)
  3 deep elf magi
  A red devil (Abyss:3)
  3 merfolk
  A wind drake (Shoals:4)
  A slime creature (D:15)
  A snapping turtle (Shoals:2)
  2 fire elementals
  A large abomination (Abyss:3)
  A water moccasin (Depths:1)
  A small abomination (Abyss:3)
  A hound (D:7)
  An orc wizard (D:7)
  A jackal (D:7)
  5 kobolds (Depths:3)
  51 blocks of ice
  3 bushes
  5 demonic plants (Abyss:3)
  28 fungi
  A lurking horror (Abyss:3)
  49 plants
  115 spectral weapons
  25 starspawn tentacles
  36 tentacles
351 creatures vanquished.

Grand Total: 3598 creatures vanquished

Notes
Turn   | Place    | Note
-------+----------+-------------------------------------------
     0 | D:1      | spacedv the Barachi Skald began the quest for the Orb.
     0 | D:1      | Reached XP level 1. HP: 17/17 MP: 3/3
   139 | D:1      | Reached XP level 2. HP: 15/23 MP: 5/5
   168 | D:1      | Reached skill level 1 in Stealth
   263 | D:1      | Learned a level 2 spell: Shroud of Golubria
   351 | D:1      | Reached XP level 3. HP: 13/28 MP: 0/6
   408 | D:1      | Learned a level 2 spell: Song of Slaying
   634 | D:2      | Reached skill level 1 in Translocations
  1770 | D:2      | Reached XP level 4. HP: 24/34 MP: 3/7
  3035 | D:4      | Found Orghuc's Magic Scroll Boutique.
  3038 | D:4      | Bought a scroll of identify for 20 gold pieces
  3038 | D:4      | Bought a scroll of identify for 20 gold pieces
  3114 | D:4      | Reached XP level 5. HP: 25/41 MP: 1/8
  4262 | D:4      | Bought a scroll of fear for 35 gold pieces
  4262 | D:4      | Bought a scroll of blinking for 75 gold pieces
  4290 | D:5      | Entered Level 5 of the Dungeon
  4380 | D:5      | Reached XP level 6. HP: 36/48 MP: 1/9
  4934 | D:5      | Reached XP level 7. HP: 38/55 MP: 7/10
  5088 | D:5      | Noticed a yak
  5088 | D:5      | Noticed a yak
  5101 | D:5      | Noticed a yak
  5111 | D:5      | Noticed a yak
  5111 | D:5      | Noticed a yak
  5360 | D:6      | Reached skill level 5 in Charms
  5710 | D:6      | Noticed a +0 hand axe
  5712 | D:6      | Noticed a +0 hand axe
  5753 | D:6      | Reached skill level 5 in Fighting
  5952 | D:5      | HP: 2/56 [gnoll sergeant/+4 vampiric spear (9)]
  6418 | D:6      | Found a staircase to the Ecumenical Temple.
  6446 | Temple   | Entered the Ecumenical Temple
  6488 | Temple   | Became a worshipper of Sif Muna the Loreminder
  6592 | D:6      | Found an ancient bone altar of Kikubaaqudgha.
  6649 | D:6      | Noticed Blork the orc
  6664 | D:6      | Killed Blork the orc
  6664 | D:6      | Reached XP level 8. HP: 50/63 MP: 7/11
  6732 | D:6      | Reached skill level 5 in Armour
  6732 | D:6      | Reached skill level 1 in Evocations
  6747 | D:6      | Found a hide-covered altar of Uskayaw.
  7005 | D:7      | Found an iron altar of Okawaru.
  7500 | D:7      | Found a shimmering altar of Xom.
  7522 | D:7      | Found a bloodstained altar of Trog.
  7523 | D:7      | Found an ornate altar of the Wu Jian Council.
  7527 | D:7      | Found a snail-covered altar of Cheibriados.
  7612 | D:7      | Found a hazy altar of Hepliaklqana.
  8002 | D:8      | Reached XP level 9. HP: 68/68 MP: 7/14
  8138 | D:8      | Learned a level 3 spell: Spectral Weapon
  8179 | D:8      | Reached skill level 1 in Hexes
  8230 | D:8      | Reached skill level 5 in Evocations
  8338 | D:8      | Noticed an ice statue
  8898 | D:5      | Reached * piety under Sif Muna
  8924 | D:5      | Noticed Eustachio
  8939 | D:5      | Killed Eustachio
  9303 | D:8      | Reached XP level 10. HP: 79/80 MP: 12/16
 10336 | D:9      | Reached skill level 5 in Spellcasting
 10392 | D:9      | Found a staircase to the Orcish Mines.
 10715 | D:9      | Found Zunn's Jewellery Shoppe.
 10783 | D:10     | Entered Level 10 of the Dungeon
 10989 | D:10     | Reached ** piety under Sif Muna
 11054 | D:10     | Reached XP level 11. HP: 51/90 MP: 18/18
 11123 | D:10     | Found a staircase to the Lair.
 11134 | D:10     | Reached skill level 10 in Fighting
 11396 | D:10     | Noticed a manticore
 11396 | D:10     | Noticed a cyclops
 11647 | D:10     | Noticed a cyan ugly thing
 11653 | D:10     | Killed a cyan ugly thing
 12015 | Lair:1   | Entered Level 1 of the Lair of Beasts
 12267 | Lair:1   | Noticed a six-headed hydra
 12273 | Lair:1   | Killed a six-headed hydra
 12304 | Lair:1   | Reached skill level 10 in Armour
 12436 | Lair:1   | Got a pitted chain mail
 12450 | Lair:1   | Identified the cursed +0 chain mail "Topleg" {Regen+ rCorr
                  | Dex-3 SInv} (You found it on level 1 of the Lair of Beasts)
 12535 | Lair:1   | Reached skill level 5 in Hexes
 12859 | Lair:2   | Reached *** piety under Sif Muna
 12988 | Lair:2   | Found a hole to the Spider Nest.
 13009 | Lair:2   | Reached XP level 12. HP: 91/97 MP: 19/21
 13048 | Lair:2   | Noticed a five-headed hydra
 13062 | Lair:2   | Killed a five-headed hydra
 13067 | Lair:2   | Learned a level 3 spell: Confuse
 13919 | Lair:3   | Got a steaming falchion
 13920 | Lair:3   | Identified the +10 falchion "Zoamm" {holy, rN+} (You found
                  | it on level 3 of the Lair of Beasts)
 14533 | Lair:3   | Got a scorched leather armour
 14544 | Lair:3   | Identified the +0 leather armour "Ysykuseku" {Str+3 Slay+2}
                  | (You found it on level 3 of the Lair of Beasts)
 14634 | Lair:3   | Found a staircase to the Shoals.
 14767 | Lair:4   | Reached skill level 5 in Long Blades
 14932 | Lair:4   | Noticed a four-headed hydra
 14945 | Lair:4   | Killed a four-headed hydra
 14981 | Lair:4   | Noticed Urug
 15322 | Lair:4   | You fall through a shaft for 2 floors!
 15322 | Lair:6   | Entered Level 6 of the Lair of Beasts
 15803 | Lair:4   | Reached skill level 10 in Evocations
 15848 | Lair:4   | Got a warped falchion
 15849 | Lair:4   | Identified the +5 falchion "Appuplea" {drain, rF+ Int+2
                  | Dex+3} (You found it on level 4 of the Lair of Beasts)
 15981 | Lair:4   | Reached **** piety under Sif Muna
 16042 | Lair:4   | Killed Urug
 16042 | Lair:4   | Gained mutation: You can hop long distances. [Barachi
                  | growth]
 16042 | Lair:4   | Reached XP level 13. HP: 29/106 MP: 19/24
 16199 | Lair:5   | Found a staircase to the Slime Pits.
 17393 | Lair:6   | Reached skill level 10 in Long Blades
 17850 | Lair:6   | Reached skill level 5 in Dodging
 18176 | Orc:1    | Entered Level 1 of the Orcish Mines
 18516 | Orc:1    | Reached ***** piety under Sif Muna
 18537 | Orc:1    | Identified Zoish's Reference Book on Creative Translocation
                  | (Sif Muna gifted it to you on level 1 of the Orcish Mines)
 18537 | Orc:1    | Received a gift from Sif Muna
 18849 | Orc:1    | Found a frozen archway.
 18859 | IceCv    | Entered an ice cave
 18951 | IceCv    | Learned a level 3 spell: Regeneration
 19720 | IceCv    | Got faintly humming ice dragon scales
 19731 | IceCv    | Identified the +2 ice dragon scales of Insatiable Hunger
                  | {rF- rC++ Stlth+} (You found it in an ice cave)
 19983 | Orc:1    | Reached skill level 1 in Throwing
 20152 | Orc:1    | Noticed Erica
 20210 | Orc:1    | Killed Erica
 20330 | Orc:1    | Reached XP level 14. HP: 102/113 MP: 27/27
 20407 | Orc:2    | Entered Level 2 of the Orcish Mines
 20407 | Orc:2    | Found a staircase to the Elven Halls.
 21235 | Orc:2    | Noticed an orc warlord
 21264 | Orc:2    | Killed an orc warlord
 21406 | Orc:2    | Found a roughly hewn altar of Beogh.
 21609 | Orc:2    | Paralysed by an orc sorcerer for 2 turns
 21871 | Orc:2    | Found Ahuic's Antique Armour Shoppe.
 21899 | Orc:2    | Found Pesoraah's General Store.
 21906 | Orc:2    | Found Waegoss's Antique Weapon Shoppe.
 21951 | Orc:2    | Found Madaysyda's Book Shoppe.
 22035 | Orc:2    | Reached skill level 5 in Throwing
 22174 | Orc:2    | Bought a scroll of enchant armour for 127 gold pieces
 22373 | D:8      | Got a smoking hand axe
 22572 | D:4      | Bought a scroll of blinking for 75 gold pieces
 22572 | D:4      | Bought a scroll of acquirement for 520 gold pieces
 22572 | D:4      | Bought a scroll of teleportation for 30 gold pieces
 22572 | D:4      | Bought a scroll of teleportation for 30 gold pieces
 22572 | D:4      | Bought a scroll of immolation for 35 gold pieces
 22572 | D:4      | Bought a scroll of enchant armour for 75 gold pieces
 22682 | D:4      | Found a blossoming altar of Fedhas.
 23011 | Lair:6   | Reached skill level 10 in Charms
 23355 | Lair:6   | Learned a level 7 spell: Summon Greater Demon
 23530 | Lair:6   | Reached skill level 1 in Summonings
 23588 | Lair:6   | Learned a level 4 spell: Summon Ice Beast
 23754 | Lair:6   | Reached skill level 1 in Shields
 24541 | Lair:6   | Identified Sif Muna's Incunabulum of Attacks
 25780 | D:12     | Identified Sif Muna's Volume of Supportive Transmutation
                  | (Sif Muna gifted it to you on level 12 of the Dungeon)
 25780 | D:12     | Received a gift from Sif Muna
 25969 | D:12     | Reached XP level 15. HP: 99/118 MP: 25/28
 26013 | D:12     | Got a warped marble ring
 26638 | Lair:1   | Identified the ring of Kiqiawne {*Contam MR+ Str+4 Dex+3
                  | SInv} (You found it on level 12 of the Dungeon)
 26717 | Shoals:1 | Entered Level 1 of the Shoals
 26899 | Shoals:1 | Reached skill level 10 in Throwing
 26983 | Shoals:1 | Noticed a kraken
 27541 | Shoals:1 | Noticed Nikola
 27573 | Shoals:1 | Killed Nikola
 27718 | Shoals:1 | Killed a kraken
 28131 | Shoals:2 | Noticed Ilsuiw
 28519 | Shoals:2 | Found a transporter.
 28522 | Shoals:2 | Noticed chimenez's ghost (adept GrFi)
 28582 | Shoals:2 | Reached skill level 1 in Ice Magic
 28621 | Shoals:2 | Reached skill level 5 in Summonings
 28683 | Shoals:2 | Reached skill level 2 in Ice Magic
 28853 | Shoals:2 | Noticed Frances
 28948 | Shoals:2 | Killed Frances
 28948 | Shoals:2 | Reached skill level 3 in Ice Magic
 29244 | Shoals:2 | Reached XP level 16. HP: 109/125 MP: 29/29
 29285 | Shoals:2 | Killed Ilsuiw
 29285 | Shoals:2 | Reached skill level 4 in Ice Magic
 29365 | Shoals:2 | Found a transporter.
 29948 | Shoals:3 | Reached skill level 5 in Ice Magic
 30171 | Shoals:3 | Received a gift from Sif Muna
 30806 | Shoals:4 | Entered Level 4 of the Shoals
 30806 | Shoals:4 | Identified Roxanne's Incunabulum of Moulding
 30806 | Shoals:4 | Noticed Roxanne
 30874 | Shoals:1 | Reached skill level 10 in Spellcasting
 30978 | D:10     | Found a runed translucent door.
 31095 | D:10     | Got a wavering zirconium amulet
 31097 | D:10     | Identified the amulet of Husaon {Gourm +Fly rC- Int+9
                  | Dex-2} (You found it on level 10 of the Dungeon)
 31237 | D:10     | Found an ornate altar of the Wu Jian Council.
 31569 | D:13     | Noticed Nessos
 31630 | D:13     | Killed Nessos
 32029 | D:13     | Noticed a tengu reaver
 32050 | D:13     | Reached skill level 10 in Summonings
 32061 | D:13     | Noticed a sphinx
 32063 | D:13     | Killed a tengu reaver
 32479 | D:13     | Learned a level 5 spell: Aura of Abjuration
 32512 | D:13     | Paralysed by a sphinx for 5 turns
 32526 | D:13     | Killed a sphinx
 32874 | D:14     | Noticed Azrael
 33149 | Spider:1 | Entered Level 1 of the Spider Nest
 33159 | Spider:1 | Identified Sif Muna's Handbook of the Entourage (Sif Muna
                  | gifted it to you on level 1 of the Spider Nest)
 33159 | Spider:1 | Received a gift from Sif Muna
 33358 | Spider:1 | Reached XP level 17. HP: 75/131 MP: 29/32
 34787 | Spider:2 | Learned a level 6 spell: Deflect Missiles
 35423 | Spider:3 | Identified Sif Muna's Catalogue of Lethal Displacement (Sif
                  | Muna gifted it to you on level 3 of the Spider Nest)
 35423 | Spider:3 | Received a gift from Sif Muna
 36440 | Spider:4 | Entered Level 4 of the Spider Nest
 37838 | Spider:4 | Identified Rumex's Papyrus of Changing (Sif Muna gifted it
                  | to you on level 4 of the Spider Nest)
 37838 | Spider:4 | Received a gift from Sif Muna
 37838 | Spider:4 | Reached XP level 18. HP: 138/138 MP: 1/34
 38056 | Spider:4 | Got a gossamer rune of Zot
 39451 | Shoals:2 | Killed chimenez's ghost
 39496 | Shoals:2 | Got a pair of distressingly furry gloves
 39507 | Shoals:2 | Identified the cursed +0 pair of gloves of Hofu {rElec}
                  | (You found it on level 2 of the Shoals)
 39761 | Shoals:4 | Reached skill level 15 in Armour
 40151 | Shoals:4 | Got a bloodstained helmet
 40162 | Shoals:4 | Identified the +2 helmet of Was Junu {rF+ Str+4} (You found
                  | it on level 4 of the Shoals)
 40201 | Shoals:4 | Found a runed translucent door.
 40201 | Shoals:4 | Found a shimmering altar of Xom.
 40203 | Shoals:4 | Noticed zodiitti's ghost (adept GrBe)
 40364 | Shoals:4 | Identified the Compendium of the Volcanoes and Talismans
 40630 | Shoals:4 | Identified Sif Muna's Tome of the Entourage (Sif Muna
                  | gifted it to you on level 4 of the Shoals)
 40630 | Shoals:4 | Received a gift from Sif Muna
 40658 | Shoals:4 | Identified the ring "Bocvesodd" {Str+2 Dex+2}
 41300 | Shoals:4 | Got a barnacled rune of Zot
 41428 | Shoals:4 | Killed Roxanne
 41462 | Shoals:4 | Reached skill level 1 in Air Magic
 41596 | Shoals:4 | Reached skill level 15 in Summonings
 41995 | D:9      | Bought an uncursed ring of wizardry for 510 gold pieces
 42107 | Orc:2    | Bought a wand of iceblast (7) for 187 gold pieces
 42107 | Orc:2    | Bought a potion of heal wounds for 85 gold pieces
 42129 | Orc:2    | Learned a level 5 spell: Silence
 42135 | Orc:2    | Learned a level 5 spell: Metabolic Englaciation
 42167 | Elf:1    | Entered Level 1 of the Elven Halls
 42464 | Elf:1    | Reached skill level 6 in Ice Magic
 42472 | Elf:1    | Reached XP level 19. HP: 117/143 MP: 36/36
 43026 | Elf:1    | Found Ogeorievepp's Magic Scroll Shoppe.
 43032 | Elf:1    | Bought a scroll of blinking for 120 gold pieces
 43032 | Elf:1    | Bought a scroll of identify for 32 gold pieces
 43033 | Elf:1    | Bought a scroll of identify for 32 gold pieces
 43346 | Elf:1    | Found Sacis's Gadget Shoppe.
 43346 | Elf:1    | Found Zatah's Jewellery Boutique.
 43347 | Elf:1    | Found Atzan's Gadget Shoppe.
 43389 | Elf:1    | Bought a phantom mirror for 300 gold pieces
 43389 | Elf:1    | Bought a wand of digging (6) for 200 gold pieces
 44051 | Elf:2    | Identified Sif Muna's Reference Book on Sinister Companions
                  | (Sif Muna gifted it to you on level 2 of the Elven Halls)
 44051 | Elf:2    | Received a gift from Sif Muna
 44265 | Elf:2    | Found a huge runed translucent gate.
 44265 | Elf:2    | Found a huge runed translucent gate.
 44265 | Elf:2    | Found a huge runed translucent gate.
 44265 | Elf:2    | Found a huge runed translucent gate.
 44266 | Elf:2    | Found a huge runed translucent gate.
 45279 | D:14     | Killed Azrael
 45316 | D:14     | Found Tuju's Weapon Boutique.
 45576 | D:14     | Found a gate to the Vaults.
 45885 | D:15     | Entered Level 15 of the Dungeon
 45885 | D:15     | Found Vatudar's Assorted Antiques.
 46540 | D:15     | Found a staircase to the Depths.
 46584 | D:15     | Got an opal-encrusted ring mail
 46595 | D:15     | Identified the +5 ring mail of Jemmaebb {*Contam rPois rC+
                  | Slay+5} (You found it on level 15 of the Dungeon)
 46938 | D:15     | Gained mutation: Scrolls take you a little longer to read.
                  | [mutagenic glow]
 46986 | D:15     | Bought a scroll of identify for 68 gold pieces
 47401 | Elf:2    | Reached XP level 20. HP: 150/150 MP: 33/38
 47631 | Elf:2    | Noticed a Tzitzimitl
 47766 | Elf:2    | Reached skill level 7 in Ice Magic
 47857 | Elf:3    | Entered Level 3 of the Elven Halls
 48246 | Elf:3    | Identified the ring "Asyrar" {*Tele rPois}
 48269 | Elf:3    | Identified Sif Muna's Catalogue of the Oath and Summoning
                  | (Sif Muna gifted it to you on level 3 of the Elven Halls)
 48269 | Elf:3    | Received a gift from Sif Muna
 48269 | Elf:3    | Reached skill level 15 in Spellcasting
 48546 | Elf:3    | Identified the +4 great mace "Frog's Curse" {drain, rElec
                  | rF+ Str+4}
 48712 | Elf:3    | Identified the +1 trident of Fortitude {elec, -Tele
                  | *Corrode rF+++ Str+8}
 48755 | Elf:3    | Gained mutation: Scrolls take you longer to read. [a
                  | cacodemon]
 49297 | Elf:3    | Identified Sif Muna's Grimoire of Displaced Aid
 49496 | Elf:3    | Found Icatagre's Magic Scroll Shop.
 49499 | Elf:3    | Bought a scroll of blinking for 135 gold pieces
 49809 | Elf:3    | Found Viexaitz's General Store.
 49842 | Elf:3    | Bought a potion of heal wounds for 85 gold pieces
 49842 | Elf:3    | Bought a potion of resistance for 170 gold pieces
 49842 | Elf:3    | Bought a scroll of fear for 59 gold pieces
 49892 | Elf:3    | Found Neutixae's Gadget Emporium.
 49904 | Elf:3    | Bought a wand of iceblast (5) for 144 gold pieces
 50492 | Slime:1  | Entered Level 1 of the Pits of Slime
 50778 | Slime:1  | Paralysed by a floating eye for 2 turns
 50929 | Slime:1  | Paralysed by a floating eye for 2 turns
 50971 | Slime:1  | Gained mutation: Armour fits poorly on your strangely
                  | shaped body. [a shining eye]
 50975 | Slime:1  | Gained mutation: You are weak. (Str -2) [a shining eye]
 51086 | Lair:1   | Lost mutation: Scrolls take you longer to read. [potion of
                  | mutation]
 51086 | Lair:1   | Lost mutation: Scrolls take you a little longer to read.
                  | [potion of mutation]
 51086 | Lair:1   | Lost mutation: Armour fits poorly on your strangely shaped
                  | body. [potion of mutation]
 51086 | Lair:1   | Lost mutation: You are weak. (Str -2) [potion of mutation]
 51086 | Lair:1   | Gained mutation: You are dopey. (Int -2) [potion of
                  | mutation]
 51086 | Lair:1   | Gained mutation: You have a pair of small horns on your
                  | head. [potion of mutation]
 51086 | Lair:1   | Lost mutation: You are dopey. (Int -2) [potion of mutation]
 51086 | Lair:1   | Gained mutation: You possess an exceptional clarity of
                  | mind. [potion of mutation]
 51780 | Slime:3  | Reached XP level 21. HP: 122/163 MP: 34/40
 52012 | Slime:3  | Gained mutation: You are partially covered in large bone
                  | plates. (SH +4) [a shining eye]
 52703 | Slime:1  | Identified Sif Muna's Disquisition on Feathery Ignition
                  | (Sif Muna gifted it to you on level 1 of the Pits of Slime)
 52703 | Slime:1  | Received a gift from Sif Muna
 53605 | Vaults:1 | Entered Level 1 of the Vaults
 54767 | Vaults:1 | Reached skill level 8 in Ice Magic
 54966 | Vaults:1 | Reached skill level 15 in Fighting
 55227 | Vaults:2 | Found an ornate altar of the Wu Jian Council.
 55372 | Vaults:2 | Noticed Boris
 55409 | Vaults:2 | Killed Boris
 55409 | Vaults:2 | Reached skill level 5 in Air Magic
 55527 | Vaults:2 | Found Otteecsi's Assorted Antiques.
 55537 | Vaults:2 | Identified Sif Muna's Disquisition on Hurtful Poisoning
                  | (Sif Muna gifted it to you on level 2 of the Vaults)
 55537 | Vaults:2 | Received a gift from Sif Muna
 55617 | Vaults:2 | Noticed Asterion
 55617 | Vaults:2 | Noticed Rupert
 55644 | Vaults:1 | Reached skill level 9 in Ice Magic
 56075 | Vaults:2 | Found a portal to a secret trove of treasure.
 56555 | Vaults:2 | Reached XP level 22. HP: 148/175 MP: 42/42
 56620 | Vaults:2 | Reached skill level 10 in Ice Magic
 56690 | Vaults:2 | Found Laclih's Weapon Boutique.
 56804 | Vaults:2 | Found Xar Tilu's Weapon Boutique.
 56838 | Vaults:2 | Received a gift from Sif Muna
 56838 | Vaults:2 | Reached XP level 23. HP: 181/181 MP: 43/43
 56861 | Vaults:2 | Learned a level 2 spell: Blink
 56979 | Vaults:2 | Killed Asterion
 57004 | Vaults:2 | Killed Rupert
 57169 | Vaults:2 | Noticed Xtahua
 57184 | Vaults:2 | Reached skill level 11 in Ice Magic
 57241 | Vaults:2 | Killed Xtahua
 57342 | Vaults:2 | Found Souman's Armour Shop.
 57822 | Vaults:3 | Noticed Aizul
 57906 | Vaults:3 | Killed Aizul
 58316 | Vaults:3 | Received a gift from Sif Muna
 58352 | Vaults:3 | Reached skill level 12 in Ice Magic
 58631 | Vaults:3 | Learned a level 4 spell: Throw Icicle
 58742 | Vaults:3 | Learned a level 3 spell: Portal Projectile
 58800 | Vaults:3 | Reached skill level 1 in Conjurations
 58820 | Vaults:3 | Found a staircase to the Crypt.
 60192 | Vaults:4 | Noticed Jory
 60214 | Vaults:4 | Killed Jory
 60320 | Vaults:4 | Identified the +3 acid dragon scales of Fafumn {*Drain rF++
                  | rCorr Int+4}
 60320 | Vaults:4 | Noticed Frederick
 60370 | Vaults:4 | Killed Frederick
 60370 | Vaults:4 | Reached ****** piety under Sif Muna
 60370 | Vaults:4 | Reached skill level 13 in Ice Magic
 60506 | Vaults:4 | Reached skill level 5 in Conjurations
 60619 | Vaults:4 | Identified Resmegie's Handbook of Flight and Arcane Weapons
                  | (Sif Muna gifted it to you on level 4 of the Vaults)
 60619 | Vaults:4 | Received a gift from Sif Muna
 60773 | Vaults:4 | Reached XP level 24. HP: 135/188 MP: 41/44
 61167 | Vaults:4 | Noticed Mennas
 61214 | Vaults:4 | Killed Mennas
 61214 | Vaults:4 | Reached skill level 14 in Ice Magic
 61696 | Vaults:4 | Fell from the grace of Sif Muna
 62710 | D:15     | Bought a scroll labeled OTULIG ORAHI for 34 gold pieces
 63447 | Elf:1    | Bought a wand of clouds (7) for 528 gold pieces
 63747 | Temple   | Became a worshipper of Vehumet
 63999 | Depths:1 | Entered Level 1 of the Depths
 64001 | Depths:1 | Found a gateway to Hell.
 64001 | Depths:1 | Noticed Margery
 64036 | D:15     | Killed Margery
 64057 | Depths:1 | Reached skill level 15 in Ice Magic
 64643 | Depths:1 | Reached skill level 10 in Conjurations
 64670 | Depths:1 | Reached * piety under Vehumet
 64670 | Depths:1 | Offered knowledge of Shock by Vehumet.
 64855 | Depths:1 | Found Gafrez's Antique Weapon Boutique.
 64875 | Depths:1 | Found Qugaxzyss's Antique Armour Shop.
 64935 | Depths:1 | Paralysed by a vampire knight for 2 turns
 65244 | Depths:1 | Reached skill level 16 in Ice Magic
 65364 | Depths:1 | Reached ** piety under Vehumet
 65465 | Depths:1 | Offered knowledge of Sandblast by Vehumet.
 66150 | Depths:2 | Found a one-way gate leading to the halls of Pandemonium.
 66150 | Depths:2 | Found a one-way gate to the infinite horrors of the Abyss.
 66151 | Depths:2 | Found a gateway to a ziggurat.
 66179 | Depths:2 | Offered knowledge of Stone Arrow by Vehumet.
 66402 | Depths:2 | Reached *** piety under Vehumet
 66481 | Depths:2 | Reached XP level 25. HP: 144/194 MP: 44/44
 66570 | Depths:2 | Reached skill level 17 in Ice Magic
 66579 | Depths:2 | Offered knowledge of Fulminant Prism by Vehumet.
 66817 | Depths:2 | Found a hazy altar of Hepliaklqana.
 66817 | Depths:2 | Found an iron altar of Okawaru.
 66817 | Depths:2 | Found a glowing golden altar of the Shining One.
 66886 | Depths:2 | Paralysed by a floating eye for 2 turns
 67542 | Depths:2 | Reached **** piety under Vehumet
 67856 | Depths:2 | Offered knowledge of Venom Bolt by Vehumet.
 67970 | Depths:2 | Reached skill level 18 in Ice Magic
 68498 | Depths:2 | Noticed a juggernaut
 68770 | Depths:2 | Killed a juggernaut
 68854 | Depths:2 | Noticed a juggernaut
 68932 | Depths:2 | Killed a juggernaut
 69350 | Depths:3 | Noticed Boris
 69365 | Depths:3 | Killed Boris
 69365 | Depths:3 | Reached skill level 19 in Ice Magic
 69564 | Depths:3 | Found Mewokh's Armour Shop.
 69566 | Depths:3 | Found Wiafuowymo's General Store.
 69568 | Depths:3 | Found Jano's Armour Shop.
 69609 | Depths:3 | Reached ***** piety under Vehumet
 69651 | Depths:3 | Found Kecsim's Antique Weapon Shoppe.
 69789 | Depths:3 | Offered knowledge of Bolt of Cold by Vehumet.
 69797 | Depths:3 | Learned a level 6 spell: Bolt of Cold
 69814 | Depths:3 | Reached skill level 15 in Conjurations
 70032 | Depths:3 | Found a sparkling altar of Nemelex Xobeh.
 70048 | Depths:3 | Found a corrupted altar of Lugonu.
 70096 | Depths:3 | Was forgiven by Sif Muna
 70614 | Depths:4 | Reached XP level 26. HP: 191/201 MP: 44/44
 71762 | Depths:1 | Bought a glowing demon blade for 414 gold pieces
 72437 | Depths:4 | Reached skill level 20 in Ice Magic
 72498 | Depths:4 | Found a snail-covered altar of Cheibriados.
 73035 | Depths:5 | Entered Level 5 of the Depths
 73171 | Depths:5 | Found a glowing golden altar of the Shining One.
 73967 | Depths:5 | Found a gate to the Realm of Zot.
 74027 | Depths:4 | Noticed a juggernaut
 74544 | Depths:4 | Cast into level 4 of the Abyss (a lich)
 74548 | Abyss:4  | Found a corrupted altar of Lugonu.
 74713 | Abyss:4  | Reached skill level 21 in Ice Magic
 74751 | Abyss:4  | Offered knowledge of Freezing Cloud by Vehumet.
 74772 | Abyss:4  | Found a blossoming altar of Fedhas.
 74795 | Depths:4 | Escaped the Abyss
 76118 | Slime:3  | Learned a level 6 spell: Freezing Cloud
 76251 | Slime:5  | Entered Level 5 of the Pits of Slime
 76444 | Slime:5  | Offered knowledge of Ozocubu's Refrigeration by Vehumet.
 76473 | Slime:5  | Gained mutation: Your flesh is cold resistant. (rC+) [a
                  | shining eye]
 76556 | Slime:5  | Reached XP level 27. HP: 201/207 MP: 33/44
 76792 | Slime:5  | Noticed the Royal Jelly
 76996 | Lair:1   | Got a pair of bloodstained boots
 77007 | Lair:1   | Identified the +2 pair of boots of Leaves {rElec Int+4}
                  | (You acquired it on level 1 of the Lair of Beasts)
 77020 | Lair:1   | Got a warped crystal plate armour
 77031 | Lair:1   | Identified the +0 crystal plate armour of Instinct {MR+
                  | Str+6 Dex+2} (You acquired it on level 1 of the Lair of
                  | Beasts)
 77085 | Lair:1   | Got a vibrating glass ring
 77087 | Lair:1   | Identified the ring of Vehumet's Condemnation {rCorr MR+}
                  | (You acquired it on level 1 of the Lair of Beasts)
 77092 | Lair:1   | Got a smoking amber ring
 77094 | Lair:1   | Identified the ring "Matos" {rF+ MR+ Int+3} (You acquired
                  | it on level 1 of the Lair of Beasts)
 77096 | Lair:1   | Got a translucent shield
 77107 | Lair:1   | Identified the +5 shield of Charity {rC++ Str-3 SInv} (You
                  | acquired it on level 1 of the Lair of Beasts)
 77339 | Vaults:2 | Bought a scroll of amnesia for 105 gold pieces
 77401 | Vaults:2 | Bought a +0 pair of gloves of dexterity for 207 gold pieces
 77689 | Vaults:4 | Learned a level 6 spell: Ozocubu's Refrigeration
 77700 | Vaults:5 | Entered Level 5 of the Vaults
 77704 | Vaults:5 | Reached skill level 5 in Shields
 77902 | Vaults:5 | Reached skill level 10 in Shields
 77967 | Vaults:5 | Offered knowledge of Orb of Destruction by Vehumet.
 78443 | Vaults:5 | Identified the +3 long sword "Num Ikh" {drain, rF+} (You
                  | found it on level 5 of the Vaults)
 78703 | Vaults:5 | Learned a level 7 spell: Orb of Destruction
 78731 | Vaults:5 | Got a silver rune of Zot
 78762 | Vaults:5 | Found Onkudam's Distillery.
 78766 | Vaults:5 | Bought a potion of mutation for 128 gold pieces
 78766 | Vaults:5 | Bought a potion of haste for 160 gold pieces
 78770 | Vaults:5 | Found Gatosech's Food Shoppe.
 78793 | Vaults:5 | Found Sisma's Distillery.
 78794 | Vaults:5 | Found Napuang's Magic Scroll Shop.
 78798 | Vaults:5 | Bought a scroll of blinking for 150 gold pieces
 78798 | Vaults:5 | Bought a scroll of enchant weapon for 150 gold pieces
 78812 | Vaults:5 | Found Pappamos's Distillery.
 78817 | Vaults:5 | Bought a potion of mutation for 168 gold pieces
 78826 | Vaults:5 | Found Kaitosm's Magic Scroll Emporium.
 78826 | Vaults:5 | Found Duuxett's Magic Scroll Boutique.
 78830 | Vaults:5 | Bought a scroll of enchant weapon for 105 gold pieces
 78837 | Vaults:5 | Bought a scroll of enchant weapon for 157 gold pieces
 78837 | Vaults:5 | Bought a scroll of blinking for 157 gold pieces
 78837 | Vaults:5 | Bought a scroll of enchant armour for 157 gold pieces
 78882 | Vaults:5 | Found Souxosk's Magic Scroll Shoppe.
 78887 | Vaults:5 | Bought a scroll of enchant armour for 82 gold pieces
 78887 | Vaults:5 | Bought a scroll of blinking for 82 gold pieces
 78902 | Vaults:5 | Noticed Saint Roka
 78921 | Vaults:5 | Killed Saint Roka
 79147 | Vaults:5 | Identified the +3 ring mail of the Orb Guardian {rElec
                  | rPois Dex-4} (You found it on level 5 of the Vaults)
 79597 | Vaults:5 | Bought a scroll of amnesia for 70 gold pieces
 79623 | Vaults:5 | Bought a potion of experience for 800 gold pieces
 79645 | Vaults:5 | Reached skill level 22 in Ice Magic
 79685 | Vaults:5 | Bought a scroll of enchant weapon for 105 gold pieces
 79685 | Vaults:5 | Bought a scroll of enchant weapon for 105 gold pieces
 79685 | Vaults:5 | Bought a scroll of teleportation for 42 gold pieces
 79889 | Crypt:1  | Entered Level 1 of the Crypt
 80556 | Crypt:1  | Reached skill level 15 in Shields
 80984 | Crypt:1  | Found a runed translucent door.
 80986 | Crypt:1  | Noticed Qemy's ghost (master GnTm)
 81041 | Crypt:1  | Reached ****** piety under Vehumet
 81117 | Crypt:1  | Offered knowledge of Bolt of Fire by Vehumet.
 81162 | Crypt:2  | Found a huge runed gate.
 81162 | Crypt:2  | Found a huge runed gate.
 81229 | Crypt:2  | Identified the +0 pair of boots "Dagom" {Str+3} (You found
                  | it on level 2 of the Crypt)
 81244 | Crypt:2  | Noticed Khufu
 81244 | Crypt:2  | Noticed a greater mummy
 81352 | Crypt:1  | Killed Qemy's ghost
 81364 | Crypt:1  | Identified the Incunabulum of Mutagenic Translocation
 81734 | Lair:1   | Learned a level 9 spell: Glaciate
 81890 | Slime:5  | Killed the Royal Jelly
 81909 | Slime:5  | Gained mutation: You are clumsy. (Dex -2) [a shining eye]
 81911 | Slime:5  | Gained mutation: You do not regenerate when monsters are
                  | visible. [a shining eye]
 82016 | Slime:5  | Found the +8 demon trident "Rift" {distort, reach+}
 82023 | Slime:5  | Got a slimy rune of Zot
 82051 | Slime:5  | Identified the +5 ring mail of Giopn {-Cast rC+ MR+} (You
                  | found it on level 5 of the Pits of Slime)
 82100 | Slime:5  | Identified the Papyrus of the Creative Rocks
 82131 | Slime:5  | Identified the +6 dagger of Plog {pierce, +Fly rPois MR++
                  | Int-4} (You found it on level 5 of the Pits of Slime)
 82373 | Lair:1   | Lost mutation: You do not regenerate when monsters are
                  | visible. [potion of mutation]
 82373 | Lair:1   | Lost mutation: You possess an exceptional clarity of mind.
                  | [potion of mutation]
 82373 | Lair:1   | Lost mutation: You are clumsy. (Dex -2) [potion of
                  | mutation]
 82373 | Lair:1   | Gained mutation: You are resistant to hostile enchantments.
                  | (MR+) [potion of mutation]
 82373 | Lair:1   | Gained mutation: You have a pair of horns on your head.
                  | [potion of mutation]
 82373 | Lair:1   | Gained mutation: You passively map a small area around you.
                  | [potion of mutation]
 82466 | D:15     | Bought a scroll of blinking for 255 gold pieces
 82629 | Depths:2 | Voluntarily entered the Abyss.
 82640 | Abyss:1  | Identified the ring of the Trilobite {rC+ Int+2 Dex+3} (You
                  | acquired it on level 1 of the Abyss)
 82724 | Abyss:1  | Found an iron altar of Okawaru.
 82754 | Abyss:1  | Found an iron altar of Okawaru.
 83019 | Depths:2 | Escaped the Abyss
 83038 | Depths:2 | Voluntarily entered the Abyss.
 83157 | Abyss:1  | Offered knowledge of Bolt of Fire by Vehumet.
 83416 | Abyss:1  | Found a corrupted altar of Lugonu.
 83544 | Abyss:1  | Noticed an ancient lich
 83554 | Abyss:1  | Killed an ancient lich
 83845 | Abyss:3  | Found a stormy altar of Qazlal.
 84015 | Abyss:3  | Reached skill level 15 in Long Blades
 84045 | Abyss:3  | Reached skill level 10 in Dodging
 84451 | Abyss:3  | Found a stormy altar of Qazlal.
 84644 | Abyss:3  | Offered knowledge of Bolt of Fire by Vehumet.
 84662 | Abyss:3  | Found a stormy altar of Qazlal.
 84718 | Abyss:3  | Got an abyssal rune of Zot
 85212 | Abyss:3  | Found a corrupted altar of Lugonu.
 85546 | Abyss:3  | Identified the +9 plate armour of Feasting {rPois rF- rN++
                  | Str+2} (You found it on level 3 of the Abyss)
 85682 | Depths:2 | Escaped the Abyss
 85735 | Hell     | Entered the Vestibule of Hell
 85739 | Hell     | Noticed Geryon
 85757 | Hell     | Killed Geryon
 85935 | Hell     | Found a gateway to the freezing wastes of Cocytus.
 86090 | Depths:2 | Learned a level 2 spell: Swiftness
 86206 | Hell     | Found a gateway to the Iron City of Dis.
 86278 | Hell     | Found a gateway to the ashen valley of Gehenna.
 86324 | Hell     | Found a gateway to the decaying netherworld of Tartarus.
 86574 | Depths:4 | Killed a juggernaut
 86966 | Vaults:2 | You paid a toll of +3 gold dragon scales to enter a
                  | treasure trove
 86967 | Trove    | Entered a treasure trove
 87343 | Zot:1    | Entered Level 1 of the Realm of Zot
 87773 | Zot:1    | Reached skill level 15 in Charms
 87895 | Zot:1    | You fall through a shaft!
 87926 | Zot:2    | Reached skill level 15 in Evocations
 88838 | Zot:2    | Reached skill level 5 in Stealth
 91008 | Zot:4    | Identified the cursed -2 helmet of Narcissism {rElec rN+}
                  | (You found it on level 4 of the Realm of Zot)
 91473 | Zot:5    | Entered Level 5 of the Realm of Zot
 91978 | Zot:5    | Noticed an ancient lich
 91997 | Zot:5    | Noticed an orb of fire
 92000 | Zot:5    | Noticed an orb of fire
 92295 | Zot:5    | Gained mutation: Your magical capacity is low. (-10% MP)
                  | [an orb of fire]
 92297 | Zot:5    | Noticed an orb of fire
 92298 | Zot:5    | Gained mutation: Your body sometimes deteriorates upon
                  | taking damage. [an orb of fire]
 92298 | Zot:5    | Killed an orb of fire
 92302 | Zot:5    | Gained mutation: You are weak. (Str -2) [an orb of fire]
 92304 | Zot:5    | Killed an orb of fire
 92304 | Zot:5    | Reached skill level 10 in Stealth
 92304 | Zot:5    | Killed an orb of fire
 92309 | Zot:5    | Noticed an orb of fire
 92460 | Zot:5    | Noticed an ancient lich
 92462 | Zot:5    | Killed an orb of fire
 92466 | Zot:5    | Killed an ancient lich
 92470 | Zot:5    | Noticed an ancient lich
 92475 | Zot:5    | Killed an ancient lich
 92479 | Zot:5    | Killed an ancient lich
 92512 | Zot:5    | Reached skill level 23 in Ice Magic
 92517 | Zot:5    | Noticed an orb of fire
 92532 | Zot:5    | Reached skill level 15 in Dodging
 92538 | Zot:5    | Killed an orb of fire
 92542 | Zot:5    | Noticed an ancient lich
 92555 | Zot:5    | Killed an ancient lich
 93239 | Zot:5    | Noticed an orb of fire
 93241 | Zot:5    | Gained mutation: Potions are less effective at restoring
                  | your health. [an orb of fire]
 93243 | Zot:5    | Gained mutation: Armour fits poorly on your strangely
                  | shaped body. [an orb of fire]
 93244 | Zot:5    | Gained mutation: Scrolls take you a little longer to read.
                  | [an orb of fire]
 93247 | Zot:5    | Killed an orb of fire
 93721 | Zot:5    | Lost mutation: Your magical capacity is low. (-10% MP)
                  | [potion of mutation]
 93721 | Zot:5    | Lost mutation: Your body sometimes deteriorates upon taking
                  | damage. [potion of mutation]
 93721 | Zot:5    | Lost mutation: Scrolls take you a little longer to read.
                  | [potion of mutation]
 93721 | Zot:5    | Lost mutation: Potions are less effective at restoring your
                  | health. [potion of mutation]
 93721 | Zot:5    | Lost mutation: You are weak. (Str -2) [potion of mutation]
 93721 | Zot:5    | Gained mutation: You are somewhat resistant to further
                  | mutation. [potion of mutation]
 93722 | Zot:5    | Lost mutation: You are resistant to hostile enchantments.
                  | (MR+) [potion of mutation]
 93722 | Zot:5    | Lost mutation: Armour fits poorly on your strangely shaped
                  | body. [potion of mutation]
 93722 | Zot:5    | Lost mutation: You passively map a small area around you.
                  | [potion of mutation]
 93722 | Zot:5    | Lost mutation: Your flesh is cold resistant. (rC+) [potion
                  | of mutation]
 93742 | Zot:5    | Got the Orb of Zot
 94035 | Depths:3 | Noticed Ygawadgho the pandemonium lord
 94128 | Depths:1 | Noticed Maklauf the pandemonium lord
 94130 | Depths:1 | Killed Maklauf the pandemonium lord
 94285 | D:10     | Noticed Ilobunk the pandemonium lord
 94297 | D:10     | Killed Ilobunk the pandemonium lord
 94664 | D:$      | Escaped with the Orb!

Skill      XL: |  1  2  3  4  5  6  7  8  9 10 11 12 13 14 15 16 17 18 19 20 21 22 23 24 25 26 27 |
---------------+----------------------------------------------------------------------------------+-----
Stealth        | 1 10 | 10.2
Armour         | 2 3 4 6 7 8 10 11 12 13 14 15 17 18 | 18.0
Long Blades    | 3 8 11 13 14 19 | 19.0
Translocations | 1 2 3 |  3.1
Fighting       | 3 4 5 8 9 10 11 13 15 19 | 19.5
Charms         | 4 5 6 8 9 10 11 13 14 15 | 15.3
Evocations     | 4 6 7 9 10 11 12 20 | 20.5
Spellcasting   | 3 4 5 6 7 9 11 12 13 14 15 16 17 18 | 18.8
Hexes          | 4 5 6 9 |  9.3
Dodging        | 3 4 6 7 8 17 | 17.3
Throwing       | 2 9 12 13 | 13.0
Summonings     | 2 6 10 13 15 16 17 18 | 18.0
Shields        | 4 15 | 15.0
Ice Magic      | 3 5 6 7 9 10 13 16 19 21 23 | 23.0
Air Magic      | 3 4 5 |  5.3
Conjurations   | 6 12 15 18 20 | 20.3

Action                   |  1- 3 |  4- 6 |  7- 9 | 10-12 | 13-15 | 16-18 | 19-21 | 22-24 | 25-27 || total
-------------------------+-------+-------+-------+-------+-------+-------+-------+-------+-------++-------
Melee: Falchion          |   120 |    89 |       |    96 |  1711 |  2591 |  2441 |  1596 |   477 ||  9121
       Short sword       |       |   113 |   474 |   981 |     3 |       |       |       |       ||  1571
       Scimitar          |       |       |       |       |    54 |     8 |       |       |       ||    62
       Long sword        |       |       |       |       |   469 |   319 |       |       |       ||   788
       Headbutt          |       |       |       |       |       |       |   296 |   645 |  1197 ||  2138
       Lajatang          |       |       |       |       |       |       |    76 |       |       ||    76
       Demon blade       |       |       |       |       |       |       |       |   570 |  2537 ||  3107
       Double sword      |       |       |       |       |       |       |       |       |  1253 ||  1253
Throw: Tomahawk          |       |     2 |       |       |    75 |   225 |       |       |       ||   302
       Throwing net      |       |       |       |       |     2 |     2 |       |       |       ||     4
       Javelin           |       |       |       |       |       |    15 |   247 |   115 |    94 ||   471
 Cast: Infusion          |     8 |     7 |    13 |     2 |       |       |       |       |       ||    30
       Shroud of Golubri |     6 |    10 |    33 |    94 |   119 |   134 |   100 |    58 |   122 ||   676
       Spectral Weapon   |       |       |     5 |    63 |    20 |    19 |    72 |    57 |   271 ||   507
       Confuse           |       |       |       |     2 |     2 |       |       |       |       ||     4
       Regeneration      |       |       |       |       |    86 |   121 |   121 |    79 |   325 ||   732
       Summon Ice Beast  |       |       |       |       |       |     6 |     3 |     3 |       ||    12
       Song of Slaying   |       |       |       |       |       |     6 |       |     1 |       ||     7
       Aura of Abjuratio |       |       |       |       |       |     3 |    18 |     8 |    27 ||    56
       Silence           |       |       |       |       |       |     2 |    21 |     9 |     6 ||    38
       Deflect Missiles  |       |       |       |       |       |     1 |     9 |     5 |    20 ||    35
       Summon Greater De |       |       |       |       |       |       |     9 |       |     5 ||    14
       Metabolic Englaci |       |       |       |       |       |       |     2 |    22 |    22 ||    46
       Portal Projectile |       |       |       |       |       |       |       |     4 |     1 ||     5
       Throw Icicle      |       |       |       |       |       |       |       |    24 |    72 ||    96
       Bolt of Cold      |       |       |       |       |       |       |       |       |    62 ||    62
       Blink             |       |       |       |       |       |       |       |       |     3 ||     3
       Freezing Cloud    |       |       |       |       |       |       |       |       |    11 ||    11
       Orb of Destructio |       |       |       |       |       |       |       |       |    66 ||    66
       Glaciate          |       |       |       |       |       |       |       |       |    61 ||    61
       Ozocubu's Refrige |       |       |       |       |       |       |       |       |    56 ||    56
       Swiftness         |       |       |       |       |       |       |       |       |     2 ||     2
Invok: Renounce Religion |       |       |       |       |       |       |       |     1 |       ||     1
 Abil: Hop               |     1 |     1 |     2 |     6 |    29 |    10 |    26 |     8 |    44 ||   127
       Evoke Invisibilit |       |       |       |       |     4 |     7 |     5 |     1 |     3 ||    20
       Evoke Flight      |       |       |       |       |       |       |     1 |       |       ||     1
Evoke: Wand              |       |       |    10 |    12 |    43 |    21 |    10 |     4 |     8 ||   108
       Phial of floods   |       |       |       |       |     2 |     1 |       |       |     2 ||     5
       Fan of gales      |       |       |       |       |     1 |     1 |       |       |     5 ||     7
       Sack of spiders   |       |       |       |       |     1 |       |       |       |     1 ||     2
       Lamp of fire      |       |       |       |       |       |     3 |     3 |     2 |     9 ||    17
       Lightning rod     |       |       |       |       |       |     4 |    12 |       |     4 ||    20
       Horn of Geryon    |       |       |       |       |       |       |       |       |     1 ||     1
       Box of beasts     |       |       |       |       |       |       |       |       |     1 ||     1
  Use: Scroll            |       |     7 |     4 |     5 |    22 |    14 |    10 |     3 |    73 ||   138
       Potion            |       |     1 |     1 |     1 |    11 |     5 |     4 |     4 |    31 ||    58
 Stab: Sleeping          |       |     1 |     2 |       |       |       |     2 |       |     2 ||     7
       Paralysed         |       |       |     5 |       |       |       |       |       |       ||     5
       Distracted        |       |       |       |     7 |     5 |    10 |    20 |    21 |    79 ||   142
       Invisible         |       |       |       |       |     8 |    26 |     2 |     1 |    10 ||    47
       Held in net/web   |       |       |       |       |       |    27 |       |       |       ||    27
  Eat: Chunk             |     3 |     6 |     8 |    10 |    25 |    68 |    72 |    46 |   134 ||   372
       Ration            |       |     2 |     4 |     5 |     9 |     1 |     3 |       |     4 ||    28
Armor: Leather armour    |    38 |    30 |       |       |       |       |       |       |       ||    68
       Ring mail         |       |     3 |   172 |   136 |       |       |     5 |       |       ||   316
       Scale mail        |       |       |       |   293 |   380 |       |       |       |       ||   673
       Ice dragon scales |       |       |       |       |   622 |  1794 |  1048 |   342 |       ||  3806
       Acid dragon scale |       |       |       |       |       |       |       |   286 |  1128 ||  1414
Dodge: Dodged            |    60 |   118 |   274 |   663 |  1177 |  1732 |   853 |   662 |  1583 ||  7122
       Deflected         |       |       |       |       |       |     2 |   105 |    52 |   237 ||   396
Block: Buckler           |       |       |       |       |   200 |   714 |   519 |   661 |   463 ||  2557
       Other             |       |       |       |       |       |       |    25 |       |    19 ||    44
       Shield            |       |       |       |       |       |       |       |       |  2113 ||  2113
       Rpst.: Falchion   |    19 |    14 |       |    19 |   229 |   258 |   198 |    96 |    26 ||   859
       Scimitar          |       |       |       |       |     9 |     1 |       |       |       ||    10
       Long sword        |       |       |       |       |    50 |    48 |       |       |       ||    98
       Demon blade       |       |       |       |       |       |       |       |    49 |   168 ||   217
       Double sword      |       |       |       |       |       |       |       |       |    80 ||    80
